 Dungeon Crawl Stone Soup version 0.30.1-1-g62c8e00024 (webtiles) character file.

Game seed: 17833758401986057184

36084 monsoonserge the Brawler (level 13, 0/95 HPs)
             Began as a Demonspawn Artificer on July 17, 2023.
             Was the Champion of Jiyva.
             Slain by a komodo dragon (21 damage)
             ... on level 5 of the Lair of Beasts.
             The game lasted 01:05:20 (11931 turns).

monsoonserge the Brawler (Demonspawn Artificer)    Turns: 11931, Time: 01:05:21

Health: 0/95       AC: 22    Str: 21    XL:     13   Next: 51%
Magic:  13/13      EV: 10    Int: 14    God:    Jiyva [******]
Gold:   685        SH:  0    Dex: 11    Spells: 12/12 levels left

rFire   + +          .
                       - Unarmed
rCold   + + .        (no shield)
rNeg    . . .        k - +2 chain mail of the Valley of Death {rPois rC+ Int-2}
rPois   +            (no helmet)
rElec   .            t - scarf of Cekatsot {shadows, Will+}
rCorr   +            (gloves unavailable)
SInv    +            (boots unavailable)
Will    ++++.        y - amulet "Ywkox" {Will+ Regen+}
Stlth   +            l - ring of see invisible
HPRegen 2.75/turn    S - ring of protection from cold
MPRegen 0.63/turn

%: no passive effects
@: sanguine armoured
A: foul stench 2, spiny 3, sanguine armour 2, corrupting presence 1, demonic
touch 3, talons 3, camouflage 2, clever 1, fire resistance 2, strong-willed 2,
mutation resistance 1, strong 1
a: Renounce Religion, Oozemancy, Slimify


You were on level 5 of the Lair of Beasts.
You worshipped Jiyva.
Jiyva was exalted by your worship.
You visited 2 branches of the dungeon, and saw 15 of its levels.
You also visited: Sewer, Ossuary, Gauntlet and Volcano.

You collected 685 gold pieces.

Inventory:

Hand Weapons
 a - a +4 heavy shortbow
Missiles
 h - 3 throwing nets
 E - a curare-tipped dart
 R - 33 poisoned darts (quivered)
 X - 13 javelins
Armour
 k - the +2 chain mail of the Valley of Death (worn) {rPois rC+ Int-2}
   (You found it on level 5 of the Dungeon)

   Int:       It affects your intelligence (-2).
   rC:        It protects you from cold.
   rPois:     It protects you from poison.
 t - the scarf of Cekatsot (worn) {shadows, Will+}
   (You found it on level 2 of the Dungeon)

   Will:      It increases your willpower.
 v - a +0 pair of boots
 B - quicksilver dragon scales
 Y - +2 ice dragon scales
Magical Staves
 F - a staff of conjuration
Jewellery
 l - a ring of see invisible (left hand)
 y - the amulet "Ywkox" (around neck) {Will+ Regen+}
   (You found it in a Gauntlet)

   [amulet of regeneration]

   Regen:     It increases your rate of health regeneration.
   Will:      It increases your willpower.
 Q - a ring of protection from fire
 S - a ring of protection from cold (right hand)
Wands
 c - a wand of flame (44)
 d - a wand of charming (20)
 e - a wand of iceblast (8)
 j - a wand of polymorph (4)
 L - a wand of quicksilver (3)
Scrolls
 b - 3 scrolls of blinking
 f - 2 scrolls of teleportation
 g - 2 scrolls of immolation {unknown}
 i - 5 scrolls of magic mapping
 o - 2 scrolls of summoning {unknown}
 q - 2 scrolls of poison {unknown}
 G - 3 scrolls of enchant armour {unknown}
 I - 2 scrolls of brand weapon {unknown}
 J - 3 scrolls of fear
 M - a scroll of enchant weapon {unknown}
 O - a scroll of torment {unknown}
 U - a scroll of vulnerability {unknown}
 W - 5 scrolls of fog
Potions
 m - 6 potions of heal wounds
 n - a potion of experience {unknown}
 p - 4 potions of mutation
 r - 2 potions of ambrosia {unknown}
 s - a potion of flight {unknown}
 u - 5 potions of curing
 w - 3 potions of resistance
 x - 2 potions of might {unknown}
 z - 5 potions of attraction
 A - 2 potions of lignification {unknown}
 C - a potion of magic {unknown}
 D - 2 potions of invisibility {unknown}
 K - 3 potions of haste
 N - 2 potions of brilliance {unknown}
 P - a potion of degeneration {unknown}
Miscellaneous
 H - a piece from Xom's chessboard (15/15)
 T - a phantom mirror
 V - a phial of floods
 Z - a lightning rod (3/4)


   Skills:
 + Level 6.8 Fighting
 * Level 4.6 Ranged Weapons
 + Level 0.9 Throwing
 + Level 9.2 Armour
 - Level 4.0 Dodging
 + Level 2.0 Stealth
 - Level 2.5 Shields
 * Level 16.3 Unarmed Combat
 * Level 6.0 Evocations


You had 12 spell levels left.
You didn't know any spells.
Your spell library contained the following spells:

 Spells                   Type           Power      Damage    Failure   Level
 Beastly Appendage        Tmut           0%         N/A       83%         1
 Cigotuvi's Dreadful Rot  Necr/Pois/Air  0%         N/A       93%         2
 Ensorcelled Hibernation  Hex/Ice        0%         N/A       93%         2
 Passwall                 Tmut/Erth      0%         N/A       93%         2
 Dazzling Flash           Conj/Hex       0%         N/A       99%         3
 Ignite Poison            Fire/Tmut/Pois 0%         N/A       99%         3
 Swiftness                Air            0%         N/A       99%         3
 Volatile Blastmotes      Fire/Tloc      0%         2d10      99%         3
 Cause Fear               Hex            0%         N/A       100%        4
 Fulminant Prism          Conj/Hex       0%         3d5       100%        4
 Leda's Liquefaction      Hex/Erth       0%         N/A       100%        4
 Petrify                  Tmut/Erth      0%         N/A       100%        4
 Alistair's Intoxication  Tmut/Pois      0%         N/A       100%        5
 Freezing Cloud           Conj/Ice/Air   0%         6-21      100%        5
 Metabolic Englaciation   Hex/Ice        0%         N/A       100%        5
 Eringya's Noxious Bog    Tmut/Pois      0%         N/A       100%        6
 Simulacrum               Ice/Necr       0%         N/A       100%        6
 Statue Form              Tmut/Erth      0%         N/A       100%        6
 Dragon Form              Tmut           0%         N/A       100%        7
 Dragon's Call            Summ           0%         N/A       100%        9


Dungeon Overview and Level Annotations

Branches:
Dungeon (10/15)            Temple (0/1) D:6            Lair (4/5) D:10
 Shoals (0/4) Lair:3        Snake (0/4) Lair:2        Sewer (visited)
Ossuary (visited)         Volcano (visited)         Gauntlet (visited)
  Slime: Lair:4-5       Orc: D:9-12

Altars:
Ashenzari
Cheibriados
Dithmenos
Fedhas
Hepliaklqana
Makhleb
Ru
Trog
Wu Jian
Jiyva

Shops:
D:8 (


Innate Abilities, Weirdness & Mutations

You sometimes emit foul miasma when damaged in melee.
You are completely covered in sharp spines.
When seriously injured, your blood forms thick armour. (AC +9)
Your presence sometimes corrodes those you injure.
Your touch may irresistibly damage your foes and sap their willpower.
You have claws for feet.
Your skin blends seamlessly with your surroundings (Stealth++).
Your mind is acute. (Int +4, Str/Dex -1)
Your flesh is very heat resistant. (rF++)
You are highly strong-willed. (Will++)
You are somewhat resistant to further mutation.
Your muscles are strong. (Str +4, Int/Dex -1)


Message History

The black mamba bites you!
You barely miss the basilisk.
Your corrupting presence corrodes the basilisk!
You claw the basilisk.
The basilisk is almost dead.
The basilisk is struck by your spines.
You kill the basilisk!
The black mamba is struck by your spines.
The black mamba misses you. The wyvern misses you.
You closely miss the wyvern.
The wyvern is heavily wounded.
The black mamba is struck by your spines.
The black mamba bites you.
The wyvern bites you but does no damage.
Unknown command.
You punch the wyvern! You claw the wyvern.
You kill the wyvern!
The black mamba bites you but does no damage.
Unknown command.
You punch the komodo dragon!
You claw the komodo dragon, but do no damage.
Your touch misses the komodo dragon.
The komodo dragon is moderately wounded.
The black mamba is struck by your spines.
The black mamba bites you!
You emit a cloud of foul miasma!
The komodo dragon closely misses you.
The black mamba is engulfed in dark miasma.
The black mamba is struck by your spines.
The black mamba bites you but does no damage.
You punch the komodo dragon! You claw the komodo dragon.
Your punch misses the komodo dragon.
The komodo dragon is heavily wounded.
The black mamba is engulfed in dark miasma.
You kill the black mamba!
The komodo dragon bites you!!
* * * LOW HITPOINT WARNING * * *
You barely miss the komodo dragon.
The komodo dragon is heavily wounded.
The komodo dragon bites you!!
You die...

§≈....≈≈ #
§≈≈....≈.##
≈≈≈....≈≈k
#≈≈...#≈ §#
#≈≈....##...
#≈.l.☼.....
#≈..@l.....
##.†.l.....
##........
#........
#....####
##..## #..#


You could see a lindwurm, 2 komodo dragons and a basilisk.

Vanquished Creatures
  A minotaur (Gauntlet)
  4 hydras
  2 centaur warriors (D:9)
  3 death yaks
  A two-headed ogre (D:8)
  A catoblepas (Lair:3)
  The ghost of Socuomm the Bringer of Light, a novice AtDe of the Shining One (Lair:1)
  Urug (Lair:1)
  A sun demon (Volcano)
  A skeletal warrior (D:9)
  The ghost of suzumiya the Chopper, a novice HuFi of Fedhas (D:5)
  An obsidian statue (Volcano)
  A lindwurm (Lair:3)
  Pikel (D:7)
  An oklob plant (Gauntlet)
  2 ugly things
  An orc sorcerer (Volcano)
  A manticore (Lair:3)
  3 black mambas
  10 cane toads
  A torpor snail (Gauntlet)
  Maggie (Lair:2)
  3 komodo dragons
  A red devil (Volcano)
  A hornet (D:9)
  2 polar bears
  2 trolls
  A wind drake (Lair:3)
  7 blink frogs
  9 spriggans (Lair:1)
  A shadow (D:9)
  2 wraiths (D:9)
  5 wyverns
  23 yaks
  5 fire bats (Volcano)
  6 basilisks
  A steam dragon (D:9)
  Menkaure (D:7)
  2 acid dragons
  A hell hound (Volcano)
  7 water moccasins
  5 black bears
  2 ice beasts
  5 orc warriors (D:9)
  2 sky beasts
  5 wolves
  3 centaurs
  2 ogres
  A kobold brigand (D:10)
  2 phantoms
  A gnoll sergeant (D:7)
  13 bullfrogs
  5 scorpions
  5 water moccasin zombies (Ossuary)
  4 wights (D:9)
  13 killer bees (D:9)
  11 howler monkeys
  4 lava snakes (Volcano)
  3 quasits (D:5)
  2 hounds (D:7)
  3 jellies (Sewer)
  A gnoll bouda (D:6)
  2 sleepcaps
  4 iguanas
  6 orc wizards
  2 mummies (Ossuary)
  8 adders
  8 gnolls
  A river rat (D:10)
  A white imp (D:7)
  An ufetubus (D:7)
  An adder zombie (Ossuary)
  4 worms
  14 orcs
  15 ball pythons
  14 endoplasms
  7 giant cockroaches
  3 gnoll zombies (Ossuary)
  3 goblins (D:1)
  2 hobgoblins (D:3)
  3 jackals
  9 quokkas
  3 bats
  6 frilled lizards
  7 hobgoblin zombies (Ossuary)
  9 kobolds
  3 kobold zombies (Ossuary)
  7 orc zombies (Ossuary)
  3 rats
358 creatures vanquished.

Vanquished Creatures (collateral kills)
  A catoblepas (Lair:1)
1 creature vanquished.

Vanquished Creatures (others)
  The ghost of turdburglar the Martial Artist, a novice MfTm of Wu Jian (D:8)
  An ugly thing (Gauntlet)
  A blink frog (Lair:3)
  A steam dragon (D:10)
  A water moccasin (D:7)
  A centaur (D:10)
  20 jellies
  2 scorpions
  A killer bee (D:9)
  A lava snake (Volcano)
  A hound (D:6)
  A gnoll (D:7)
  An endoplasm (D:4)
  A hobgoblin (D:4)
34 creatures vanquished.

Grand Total: 393 creatures vanquished

Notes
Turn   | Place    | Note
-------+----------+-------------------------------------------
     0 | D:1      | monsoonserge the Demonspawn Artificer began the quest for
                  | the Orb.
     0 | D:1      | Reached XP level 1. HP: 15/15 MP: 1/1
   350 | D:1      | Gained mutation: Your touch may inflict minor irresistible
                  | damage on your foes. [demonic ancestry]
   350 | D:1      | Reached XP level 2. HP: 14/21 MP: 2/2
  1153 | D:2      | Reached skill level 1 in Dodging
  1308 | D:2      | Identified the scarf of Cekatsot {shadows, Will+}
  1381 | D:2      | Gained mutation: When seriously injured, your blood forms
                  | armour. (AC +9) [demonic ancestry]
  1381 | D:2      | Reached XP level 3. HP: 26/26 MP: 3/3
  1962 | D:3      | Reached skill level 1 in Shields
  2015 | D:3      | Found a bloodstained altar of Trog.
  2020 | D:3      | Noticed a scorpion
  2036 | D:3      | Killed a scorpion
  2037 | D:3      | Reached skill level 1 in Unarmed Combat
  2037 | D:3      | Gained mutation: You are partially covered in sharp spines.
                  | [demonic ancestry]
  2037 | D:3      | Reached XP level 4. HP: 13/32 MP: 4/4
  2144 | D:4      | Found a glowing drain.
  2226 | Sewer    | Entered a sewer
  2355 | Sewer    | Gained mutation: You may rarely emit foul miasma when
                  | damaged in melee. [demonic ancestry]
  2355 | Sewer    | Reached XP level 5. HP: 36/37 MP: 5/5
  2545 | Sewer    | Found a viscous altar of Jiyva.
  2568 | Sewer    | Reached skill level 2 in Unarmed Combat
  2673 | Sewer    | Became a worshipper of Jiyva Jimel the Shapeless
  2757 | D:4      | Gained mutation: When seriously injured, your blood forms
                  | thick armour. (AC +9) [demonic ancestry]
  2757 | D:4      | Reached XP level 6. HP: 21/44 MP: 6/6
  2761 | D:4      | Reached skill level 1 in Stealth
  3014 | D:4      | Reached * piety under Jiyva
  3018 | D:4      | Found a hazy altar of Hepliaklqana.
  3053 | D:4      | Found a broken altar of Ashenzari.
  3220 | D:4      | Found a snail-covered altar of Cheibriados.
  3354 | D:3      | Gained mutation: Your touch may inflict irresistible damage
                  | on your foes. [demonic ancestry]
  3354 | D:3      | Reached XP level 7. HP: 50/51 MP: 7/7
  3530 | D:5      | Entered Level 5 of the Dungeon
  3557 | D:5      | Found a transporter.
  3558 | D:5      | Noticed suzumiya's ghost (novice HuFi)
  3568 | D:5      | Reached skill level 3 in Unarmed Combat
  3693 | D:5      | Reached ** piety under Jiyva
  3732 | D:5      | Reached skill level 5 in Armour
  3763 | D:5      | Gained mutation: You sometimes emit foul miasma when
                  | damaged in melee. [demonic ancestry]
  3763 | D:5      | Reached XP level 8. HP: 55/60 MP: 8/8
  3838 | D:5      | Reached skill level 4 in Unarmed Combat
  3888 | D:5      | Found a sand-covered staircase.
  3898 | Ossuary  | Entered an ossuary
  4103 | D:5      | Identified the +2 chain mail of the Valley of Death {rPois
                  | rC+ Int-2}
  4187 | D:5      | Reached skill level 5 in Unarmed Combat
  4342 | D:5      | Found a transporter.
  4702 | D:6      | Reached skill level 6 in Unarmed Combat
  4756 | D:6      | Reached *** piety under Jiyva
  4786 | D:6      | Reached XP level 9. HP: 51/65 MP: 9/9
  4918 | D:6      | Found a staircase to the Ecumenical Temple.
  4962 | D:6      | Gained mutation: You are strong-willed. (Will+) [Jiyva's
                  | grace]
  4962 | D:6      | Gained mutation: You are highly strong-willed. (Will++)
                  | [Jiyva's grace]
  4962 | D:6      | Gained mutation: You are extremely strong-willed. (Will+++)
                  | [Jiyva's grace]
  4962 | D:6      | Gained mutation: Your translucent skin slightly reduces
                  | your foes' accuracy. (Stealth+) [Jiyva's grace]
  5168 | D:7      | Reached **** piety under Jiyva
  5195 | D:7      | Reached skill level 7 in Unarmed Combat
  5359 | D:7      | Noticed Menkaure
  5369 | D:7      | Killed Menkaure
  5446 | D:7      | Noticed Pikel
  5458 | D:7      | Killed Pikel
  5459 | D:7      | Reached skill level 8 in Unarmed Combat
  5572 | D:7      | Found a burning altar of Makhleb.
  5796 | D:8      | Killed turdburglar's ghost
  5805 | D:8      | Reached ***** piety under Jiyva
  5827 | D:8      | Found Toesigheu's Antique Weapon Boutique.
  6083 | D:8      | Reached skill level 9 in Unarmed Combat
  6109 | D:8      | Noticed a two-headed ogre
  6114 | D:8      | Killed a two-headed ogre
  6115 | D:8      | Gained mutation: You are mostly covered in sharp spines.
                  | [demonic ancestry]
  6115 | D:8      | Reached XP level 10. HP: 73/73 MP: 10/10
  6174 | D:8      | Gained mutation: Your muscles are strong. (Str +4, Int/Dex
                  | -1) [Jiyva's grace]
  6174 | D:8      | Gained mutation: Your muscles are very strong. (Str +8,
                  | Int/Dex -2) [Jiyva's grace]
  6174 | D:8      | Gained mutation: You expend magic power (3 MP) to
                  | strengthen your wands. [Jiyva's grace]
  6174 | D:8      | Gained mutation: You have a small jelly attached to you
                  | that may absorb projectiles. [Jiyva's grace]
  6175 | D:8      | Found a blossoming altar of Fedhas.
  6250 | D:8      | Found a runed translucent gate.
  6251 | D:8      | Found a runed translucent gate.
  6251 | D:8      | Found a runed translucent gate.
  6524 | D:8      | Found a viscous altar of Jiyva.
  6681 | D:5      | Killed suzumiya's ghost
  6682 | D:5      | Reached skill level 10 in Unarmed Combat
  6847 | D:9      | Reached skill level 5 in Fighting
  6988 | D:9      | Reached skill level 11 in Unarmed Combat
  7198 | D:9      | Gained mutation: Your touch may irresistibly damage your
                  | foes and sap their willpower. [demonic ancestry]
  7198 | D:9      | Reached XP level 11. HP: 78/80 MP: 11/11
  7216 | D:9      | Noticed a four-headed hydra
  7217 | D:9      | Noticed a skeletal warrior
  7218 | D:9      | Noticed a centaur warrior
  7220 | D:9      | Noticed a white ugly thing
  7223 | D:9      | Killed a four-headed hydra
  7224 | D:9      | Reached skill level 12 in Unarmed Combat
  7234 | D:9      | Killed a skeletal warrior
  7237 | D:9      | Noticed a centaur warrior
  7237 | D:9      | Killed a centaur warrior
  7238 | D:9      | Killed a white ugly thing
  7248 | D:9      | Killed a centaur warrior
  7270 | D:9      | Got the Volume of Pyromania and Obstruction
  7452 | D:9      | Reached skill level 13 in Unarmed Combat
  7561 | D:9      | Found a sacrificial altar of Ru.
  7562 | D:9      | Found an ornate altar of the Wu Jian Council.
  7672 | D:9      | Found a shadowy altar of Dithmenos.
  8240 | D:10     | Entered Level 10 of the Dungeon
  8349 | D:10     | Found a staircase to the Lair.
  8349 | D:10     | Noticed a death yak
  8349 | D:10     | Noticed a death yak
  8350 | D:10     | Noticed a death yak
  8359 | D:10     | Killed a death yak
  8383 | D:9      | Killed a death yak
  8384 | D:9      | Reached skill level 1 in Ranged Weapons
  8400 | D:10     | Killed a death yak
  8419 | Lair:1   | Entered Level 1 of the Lair of Beasts
  8479 | Lair:1   | Lost mutation: You are extremely strong-willed. (Will+++)
                  | [Jiyva's grace]
  8479 | Lair:1   | Lost mutation: Your muscles are very strong. (Str +8,
                  | Int/Dex -2) [Jiyva's grace]
  8479 | Lair:1   | Lost mutation: You have a small jelly attached to you that
                  | may absorb projectiles. [Jiyva's grace]
  8479 | Lair:1   | Lost mutation: You expend magic power (3 MP) to strengthen
                  | your wands. [Jiyva's grace]
  8479 | Lair:1   | Lost mutation: Your translucent skin slightly reduces your
                  | foes' accuracy. (Stealth+) [Jiyva's grace]
  8479 | Lair:1   | Gained mutation: Your skin changes colour to match your
                  | surroundings (Stealth+). [Jiyva's grace]
  8479 | Lair:1   | Gained mutation: Your skin blends seamlessly with your
                  | surroundings (Stealth++). [Jiyva's grace]
  8479 | Lair:1   | Gained mutation: Your skin perfectly mimics your
                  | surroundings (Stealth+++). [Jiyva's grace]
  8479 | Lair:1   | Gained mutation: You passively dampen the noise of your
                  | surroundings. [Jiyva's grace]
  8487 | Lair:1   | Found a gate leading to a gauntlet.
  8513 | Gauntlet | Entered a Gauntlet
  8513 | Gauntlet | Found a transporter.
  8517 | Gauntlet | Found a transporter.
  8519 | Gauntlet | Found a transporter.
  8521 | Gauntlet | Noticed a catoblepas
  8524 | Gauntlet | Killed a purple ugly thing
  8534 | Gauntlet | Found a transporter.
  8536 | Gauntlet | Found a transporter.
  8541 | Gauntlet | Noticed a reaper
  8546 | Gauntlet | Found a transporter.
  8562 | Gauntlet | Found a transporter.
  8571 | Gauntlet | Found a runed translucent door.
  8571 | Gauntlet | Noticed an entropy weaver
  8572 | Gauntlet | Found a transporter.
  8573 | Gauntlet | Found a runed translucent door.
  8576 | Gauntlet | Found a transporter.
  8576 | Gauntlet | Found a transporter.
  8579 | Gauntlet | Reached ****** piety under Jiyva
  8583 | Gauntlet | Noticed an oklob plant
  8587 | Gauntlet | Found a transporter.
  8589 | Gauntlet | Found a transporter.
  8630 | Gauntlet | Noticed a great orb of eyes
  8631 | Gauntlet | Found a runed translucent gate.
  8632 | Gauntlet | Found a transporter.
  8632 | Gauntlet | Found a runed translucent gate.
  8633 | Gauntlet | Found a runed translucent gate.
  8646 | Gauntlet | Found a transporter.
  8720 | Gauntlet | Gained mutation: Your presence sometimes corrodes those you
                  | injure. [demonic ancestry]
  8720 | Gauntlet | Reached XP level 12. HP: 73/87 MP: 12/12
  8755 | Gauntlet | Reached skill level 14 in Unarmed Combat
  8758 | Gauntlet | Identified the amulet "Ywkox" {Will+ Regen+}
  8789 | Gauntlet | Identified the +9 rapier of Wu Jian's Grace {vamp, +Blink
                  | rF++}
  8800 | Gauntlet | Noticed a minotaur
  8813 | Gauntlet | Killed a minotaur
  8823 | Gauntlet | Got Petecuz's Elucidation of the Iceberg and the Xenolith
  8827 | Gauntlet | Got the Quarto of Transfiguration
  8978 | Lair:1   | Found a runed translucent door.
  8978 | Lair:1   | Noticed Socuomm's ghost (novice AtDe)
  8990 | Lair:1   | Killed Socuomm's ghost
  9062 | Lair:1   | Identified the +6 war axe "Osyh" {flame, rF+ rCorr MP+9}
  9318 | Lair:1   | Noticed Urug
  9330 | Lair:1   | Killed Urug
  9409 | Lair:1   | Noticed a catoblepas
  9445 | Lair:1   | Killed a catoblepas
  9446 | Lair:1   | Reached skill level 15 in Unarmed Combat
  9970 | Lair:2   | Reached skill level 5 in Evocations
 10178 | Lair:2   | Lost mutation: Your skin perfectly mimics your surroundings
                  | (Stealth+++). [Jiyva's grace]
 10178 | Lair:2   | Lost mutation: You passively dampen the noise of your
                  | surroundings. [Jiyva's grace]
 10178 | Lair:2   | Gained mutation: Your flesh is heat resistant. (rF+)
                  | [Jiyva's grace]
 10178 | Lair:2   | Gained mutation: Your flesh is very heat resistant. (rF++)
                  | [Jiyva's grace]
 10178 | Lair:2   | Gained mutation: Your flesh is almost immune to the effects
                  | of heat. (rF+++) [Jiyva's grace]
 10178 | Lair:2   | Gained mutation: Your mind is acute. (Int +4, Str/Dex -1)
                  | [Jiyva's grace]
 10224 | Lair:2   | Noticed Maggie
 10231 | Lair:2   | Killed Maggie
 10276 | Lair:2   | Noticed a seven-headed hydra
 10283 | Lair:2   | Killed a seven-headed hydra
 10376 | Lair:2   | Noticed a five-headed hydra
 10386 | Lair:2   | Killed a five-headed hydra
 10403 | Lair:2   | Found a staircase to the Snake Pit.
 10869 | Lair:3   | Noticed a six-headed hydra
 10875 | Lair:3   | Killed a six-headed hydra
 10878 | Lair:3   | Gained mutation: You are completely covered in sharp
                  | spines. [demonic ancestry]
 10878 | Lair:3   | Reached XP level 13. HP: 94/94 MP: 13/13
 11033 | Lair:3   | Found a staircase to the Shoals.
 11105 | Lair:3   | Found a dark tunnel.
 11151 | Volcano  | Entered a volcano
 11220 | Volcano  | Reached skill level 16 in Unarmed Combat
 11230 | Volcano  | Found a burning altar of Makhleb.
 11262 | Volcano  | Identified the +3 scale mail "Umipti Xaid" {Stlth+}
 11451 | Lair:3   | Lost mutation: Your flesh is almost immune to the effects
                  | of heat. (rF+++) [Jiyva's grace]
 11451 | Lair:3   | Gained mutation: You have sharp toenails. [Jiyva's grace]
 11451 | Lair:3   | Gained mutation: You have razor-sharp toenails. [Jiyva's
                  | grace]
 11451 | Lair:3   | Gained mutation: You have claws for feet. [Jiyva's grace]
 11451 | Lair:3   | Gained mutation: You are somewhat resistant to further
                  | mutation. [Jiyva's grace]
 11921 | Lair:4   | You fall into a shaft and drop 1 floor!
 11921 | Lair:5   | Entered Level 5 of the Lair of Beasts
 11931 | Lair:5   | Slain by a komodo dragon

Illustrated notes

Levels and vault maps discovered:
D:1:      wander_arrival_abandoned_jail, layout_loops_ring
D:2:      layout_basic
D:3:      layout_rooms, mainiacjoe_overflow_tiny_flanked, chequers_arboretum
D:4:      layout_loops_ring, chei_slow_surprise, ashenzari_conservatory_becter,
          mainiacjoe_overflow_alcove_1, cheibrodos_sewer_entry_sluice
D:5:      layout_loops_ring, chequers_ossuary_entry_cave,
          gammafunk_ghost_stat_death, nrook_pool_corridor,
          minmay_misc_feat_enclosed, grunt_decor_mini_mirrors,
          kennysheep_generic_room_14
D:6:      layout_rooms, minmay_temple_entry_junction
D:7:      layout_gridville, lightli_temple_of_fire, uniq_pikel, uniq_menkaure
D:8:      layout_loops_corners, mainiacjoe_overflow_catwalk, serial_shops, shop,
          gammafunk_ghost_ooze
D:9:      minmay_the_grid_triangle_9x9_rhombus_full
          [minmay_the_grid_triangle_9x9_minimal,
          minmay_the_grid_triangle_9x9_cache,
          minmay_the_grid_triangle_9x9_stretched_checkered,
          minmay_the_grid_triangle_9x9_alien,
          minmay_the_grid_triangle_9x9_negative_grid,
          minmay_the_grid_triangle_9x9_corruption,
          minmay_the_grid_triangle_9x9_zippers_horizontal,
          minmay_the_grid_triangle_9x9_prize_center], layout_gridville,
          nicolae_dithmenos_through_a_glass_darkly,
          mainiacjoe_overflow_divided_tiny
D:10:     layout_roguey, marbit_many_paths, dpeg_lair_monsters, st_stairs_8,
          minmay_crystal_water
Lair:1:   kb_forest_paths, layout_hall_layers, ebering_ghost_reflecting_pool,
          gauntlet_entry_generic, serial_bayou_shore_a, uniq_urug
Lair:2:   layout_hall_layers, guppyfry_snake_entry_garden, uniq_maggie
Lair:3:   layout_long_grid, minmay_shoals_entry_beasts,
          nicolae_volcano_entry_vermiform
Lair:4:   layout_cave_pods, slime_entry_1, lemuel_fruit_tree
Lair:5:   cheibrodos_lair_end_hotspot, layout_regular_city

Skill      XL: |  1  2  3  4  5  6  7  8  9 10 11 12 13 |
---------------+----------------------------------------+-----
Armour         | 2 3 4 5 6 7 8 9 |  9.2
Dodging        | 1 2 3 4 |  4.0
Shields        | 1 2 |  2.5
Unarmed Combat | 1 2 3 6 9 11 13 15 16 | 16.3
Stealth        | 1 2 |  2.0
Fighting       | 2 3 4 5 6 |  6.8
Ranged Weapons | 2 3 4 |  4.6
Evocations     | 5 6 |  6.0
Throwing       | |  0.9

Action                     |  1- 3 |  4- 6 |  7- 9 | 10-12 | 13-15 || total
---------------------------+-------+-------+-------+-------+-------++-------
  Melee: Club              |    32 |       |       |       |       ||    32
         Short sword       |    18 |       |       |       |       ||    18
         Trident           |    93 |   116 |    49 |       |       ||   258
         Touch             |       |     9 |    59 |    74 |    15 ||   157
         Punch             |       |     1 |    15 |    24 |    12 ||    52
         Unarmed           |       |       |   231 |   385 |   121 ||   737
         Kick              |       |       |       |       |    11 ||    11
   Fire: Longbow           |       |       |       |    12 |       ||    12
         Shortbow          |       |       |       |     3 |       ||     3
  Throw: Dart              |       |       |       |     1 |       ||     1
 Invoke: Oozemancy         |       |       |       |     1 |       ||     1
  Evoke: Wand              |     5 |       |       |     3 |       ||     8
         Lightning rod     |       |       |       |     4 |       ||     4
         Phantom mirror    |       |       |       |     1 |       ||     1
    Use: Potion            |     1 |       |       |       |       ||     1
         Scroll            |       |       |     7 |     3 |     1 ||    11
 Armour: Ring mail         |    77 |    41 |    45 |       |       ||   163
         Leather armour    |     1 |       |       |       |       ||     1
         Chain mail        |       |       |    86 |   198 |    53 ||   337
  Dodge: Dodged            |    74 |    62 |   141 |   187 |    46 ||   510
  Block: Kite shield       |    56 |    26 |       |       |       ||    82
